 Dungeon Crawl Stone Soup version 0.30-a0-913-g9934a0c (webtiles) character file.

Game seed: 17546849618630018019

5676 Dorkslayer the Shield-Bearer (level 10, -13/63 HPs)
             Began as a Gargoyle Fighter on Mar 19, 2023.
             Was an Initiate of Gozag.
             Mangled by a two-headed ogre
             ... wielding a +0 giant club
              (19 damage)
             ... on level 8 of the Dungeon.
             The game lasted 00:17:41 (6719 turns).

Dorkslayer the Shield-Bearer (Gargoyle Fighter)     Turns: 6719, Time: 00:17:41

Health: -13/63     AC: 22    Str: 27    XL:     10   Next: 75%
Magic:  10/10      EV: 10    Int:  7    God:    Gozag
Gold:   629        SH:  6    Dex: 10    Spells: 9/9 levels left

rFire   + . .      SeeInvis .    a - +4 war axe
rCold   . . .      Faith    .    n - +1 buckler {AC+3}
rNeg    + + .      Spirit   .    k - +0 chain mail
rPois   ∞          Reflect  .    q - +0 helmet
rElec   +          Rampage  .    (no cloak)
rCorr   .                        (no gloves)
Will    .....                    (no boots) Stlth
                                 (no amulet)
HPRegen 0.30/turn                i - ring of protection from fire
MPRegen 0.12/turn                w - ring of positive energy

@: gold aura, flying
A: sickness immunity, AC +7, negative energy resistance 1, electricity
resistance, torment resistance 1, petrification resistance, thin skeletal
structure 1, clumsy 1, strong 1
a: Renounce Religion, Potion Petition, Call Merchant, Bribe Branch


You were on level 8 of the Dungeon.
You worshipped Gozag.
Gozag was pleased with you.
You visited 2 branches of the dungeon, and saw 9 of its levels.
You also visited: Ossuary.

You collected 789 gold pieces.
You paid 160 gold pieces to Gozag.

Inventory:

Hand Weapons
 a - a +4 war axe (weapon)
 m - a +0 demon whip
Missiles
 e - 7 boomerangs (quivered)
 t - a throwing net
Armour
 k - a +0 chain mail (worn)
 n - a +1 buckler of protection (worn)
 q - a +0 helmet (worn)
Jewellery
 i - a ring of protection from fire (left hand)
 w - a ring of positive energy (right hand)
Scrolls
 h - a scroll of fog
Potions
 f - 3 potions of lignification
 g - 2 potions of magic
 o - 3 potions of attraction
 s - a potion of resistance


   Skills:
 + Level 7.5 Fighting
 + Level 5.7 Axes
 + Level 7.4 Armour
 + Level 5.9 Dodging
 + Level 7.5 Shields
 * Level 6.0 Evocations


You had 9 spell levels left.
You didn't know any spells.
Your spell library contained the following spells:

 Spells                   Type           Power      Damage    Failure   Level
 Magic Dart               Conj           0%         1d3       96%         1
 Sting                    Tmut/Pois      0%         1d3       96%         1
 Call Imp                 Summ           0%         N/A       99%         2
 Ensorcelled Hibernation  Hex/Ice        0%         N/A       99%         2
 Passwall                 Tmut/Erth      0%         N/A       99%         2
 Poisonous Vapours        Pois/Air       0%         N/A       99%         2
 Mephitic Cloud           Conj/Pois/Air  0%         N/A       100%        3
 Swiftness                Air            0%         N/A       100%        3
 Tukima's Dance           Hex            0%         N/A       100%        3
 Olgreb's Toxic Radiance  Pois           0%         N/A       100%        4
 Passage of Golubria      Tloc           0%         N/A       100%        4
 Yara's Violent Unravell  Hex/Tmut       0%         3d3       100%        5


Dungeon Overview and Level Annotations

Branches:
Dungeon (8/15)             Temple (1/1) D:7         Ossuary (visited)
   Lair: D:8-11

Altars:
Cheibriados
Dithmenos
Elyvilon
Fedhas
Gozag
Hepliaklqana
Kikubaaqudgha
Makhleb
Nemelex Xobeh
Ru
Sif Muna
Vehumet
Wu Jian
Xom
Yredelemnul
Zin


Innate Abilities, Weirdness & Mutations

You are immune to sickness and miasma.
Your stone body is resilient. (AC +7)
You are immune to poison.
You resist negative energy. (rN+)
You are resistant to electric shocks. (rElec)
You are resistant to unholy torment.
You are immune to petrification.
You have a somewhat thin skeletal structure. (Dex +2, Stealth+)
You are clumsy. (Dex -2)
Your muscles are strong. (Str +4, Int/Dex -1)


Message History

You throw a boomerang. The boomerang barely misses the orc.
The boomerang hits the orc wizard.
The orc wizard is lightly wounded.
Throw: 7 boomerangs
Press: ? - help, Q - select action, (/) - cycle Shift-Dir - straight line, f/p - two-headed ogre
Aim: a two-headed ogre, wielding two +0 giant clubs (74% to hit)
You throw a boomerang. The boomerang hits the orc.
The orc is severely wounded.
You feel yourself slow down.
You hit the orc.
You kill the orc!
You slash the orc wizard!
You kill the orc wizard!
You barely miss the two-headed ogre.
Your resistance to elements expires.
The two-headed ogre hits you with a +0 giant club!
* * * LOW HITPOINT WARNING * * *
The two-headed ogre hits you with a +0 giant club.
* * * LOW HITPOINT WARNING * * *
You slash the two-headed ogre!
The two-headed ogre is moderately wounded.
You block the two-headed ogre's attack.
The two-headed ogre hits you with a +0 giant club.
* * * LOW HITPOINT WARNING * * *
You slash the two-headed ogre!
The two-headed ogre is heavily wounded.
The two-headed ogre hits you but does no damage.
The two-headed ogre misses you.
You slash the two-headed ogre!
The two-headed ogre is heavily wounded.
The orc is distracted by your dazzling golden aura.
The two-headed ogre hits you with a +0 giant club.
* * * LOW HITPOINT WARNING * * *
The two-headed ogre hits you but does no damage.
The orc shouts!
You slash the two-headed ogre!
The two-headed ogre is severely wounded.
The two-headed ogre hits you with a +0 giant club!!
You die...
Your body crumbles into a pile of gold.

# #................. ##.
#................ ....
#...............
....#####...............
#....#..................
#..........#............
#.....#................
##.......###............
#.#####@## ##...........
##.# #O# ##..........
#...## #o## #..........
.....##o.#####..........
## #....................
##.# ##..#####...
........ #...####.## .o.
..#...## #...##.§####...
...### # ##.....§o§#.oo.
.. #


You could see a two-headed ogre and 2 orcs.

Vanquished Creatures
  2 two-headed ogres
  Pikel (D:7)
  Joseph (D:8)
  Prince Ribbit (D:7)
  A hornet (D:8)
  Eustachio (D:5)
  Grum (D:8)
  A steam dragon (D:6)
  Menkaure (D:5)
  A water moccasin (D:7)
  An ice beast (D:7)
  An orc warrior (D:7)
  4 wolves (D:8)
  A centaur (D:6)
  A phantom (D:6)
  A kobold brigand (D:7)
  2 bullfrogs
  3 elf zombies (Ossuary)
  A gnoll sergeant (D:6)
  5 scorpions
  4 wights (D:7)
  A howler monkey (D:7)
  A centaur zombie (Ossuary)
  2 hounds
  2 orc priests (D:5)
  A gnoll bouda (D:7)
  3 iron imps (D:3)
  2 human zombies (Ossuary)
  3 sleepcaps
  5 iguanas
  5 orc wizards
  2 mummies (Ossuary)
  Robin (D:3)
  14 gnolls
  7 adders
  2 shadow imps (D:5)
  3 white imps
  An ufetubus (D:7)
  2 adder skeletons (D:2)
  2 adder zombies
  3 worms
  4 dart slugs
  15 orcs
  A bat skeleton (D:2)
  2 bat zombies (D:2)
  An endoplasm (D:3)
  2 giant cockroaches (D:1)
  12 hobgoblins
  3 jackals (D:1)
  4 quokkas
  3 ball pythons (D:1)
  6 bats
  7 frilled lizards
  13 goblins
  11 hobgoblin zombies (Ossuary)
  2 jackal zombies (Ossuary)
  16 kobolds
  9 kobold zombies (Ossuary)
  8 orc zombies (Ossuary)
  A quokka zombie (D:2)
  3 rats
220 creatures vanquished.

Vanquished Creatures (others)
  7 toadstools (D:1)
  A withered plant (D:2)
8 creatures vanquished.

Grand Total: 228 creatures vanquished

Notes
Turn   | Place    | Note
-------+----------+-------------------------------------------
     0 | D:1      | Dorkslayer the Gargoyle Fighter began the quest for the
                  | Orb.
     0 | D:1      | Reached XP level 1. HP: 14/14 MP: 1/1
   260 | D:1      | Reached XP level 2. HP: 19/19 MP: 2/2
   522 | D:1      | Reached skill level 1 in Dodging
   566 | D:1      | Reached XP level 3. HP: 23/23 MP: 3/3
   925 | D:2      | Reached XP level 4. HP: 23/29 MP: 4/4
  1577 | D:3      | Found a burning altar of Makhleb.
  1593 | D:3      | Reached XP level 5. HP: 22/33 MP: 5/5
  1749 | D:3      | Found a sparkling altar of Nemelex Xobeh.
  1751 | D:3      | Noticed Robin
  1764 | D:3      | Killed Robin
  1947 | D:3      | Found a basalt altar of Yredelemnul.
  1956 | D:3      | Found a snail-covered altar of Cheibriados.
  1967 | D:3      | Found a hazy altar of Hepliaklqana.
  1976 | D:3      | Found an ancient bone altar of Kikubaaqudgha.
  1983 | D:3      | Found a shadowy altar of Dithmenos.
  1990 | D:3      | Found a sacrificial altar of Ru.
  1998 | D:3      | Found a blossoming altar of Fedhas.
  2218 | D:4      | Reached XP level 6. HP: 34/38 MP: 6/6
  2743 | D:5      | Entered Level 5 of the Dungeon
  2861 | D:5      | Reached XP level 7. HP: 37/44 MP: 7/7
  2877 | D:5      | Gained mutation: You are clumsy. (Dex -2) [potion of
                  | mutation]
  2877 | D:5      | Gained mutation: Your muscles are strong. (Str +4, Int/Dex
                  | -1) [potion of mutation]
  2877 | D:5      | Gained mutation: You have a somewhat thin skeletal
                  | structure. (Dex +2, Stealth+) [potion of mutation]
  2907 | D:5      | Noticed Eustachio
  3049 | D:5      | Killed Eustachio
  3130 | D:5      | Reached skill level 5 in Fighting
  3371 | D:5      | Noticed Menkaure
  3378 | D:5      | Killed Menkaure
  3379 | D:5      | Reached skill level 5 in Armour
  3379 | D:5      | Reached skill level 5 in Shields
  3379 | D:5      | Reached XP level 8. HP: 43/49 MP: 8/8
  4069 | D:6      | Reached skill level 1 in Evocations
  4332 | D:6      | Reached XP level 9. HP: 55/55 MP: 9/9
  4597 | D:6      | Found a radiant altar of Vehumet.
  4978 | D:7      | Found a sand-covered staircase.
  4985 | Ossuary  | Entered an ossuary
  5312 | D:7      | Noticed Prince Ribbit
  5323 | D:7      | Killed Prince Ribbit
  5324 | D:7      | Reached skill level 5 in Dodging
  5377 | D:7      | Found a staircase to the Ecumenical Temple.
  5386 | Temple   | Entered the Ecumenical Temple
  5497 | Temple   | Became a worshipper of Gozag Ym Sagoz the Greedy
  5643 | D:7      | Noticed a two-headed ogre
  5665 | D:7      | Killed a two-headed ogre
  5693 | D:7      | Reached skill level 5 in Axes
  5823 | D:7      | Reached XP level 10. HP: 61/61 MP: 10/10
  5848 | D:7      | Reached skill level 5 in Evocations
  6267 | D:8      | Noticed Pikel
  6279 | D:7      | Killed Pikel
  6350 | D:8      | Noticed a two-headed ogre
  6368 | D:8      | Killed a two-headed ogre
  6373 | D:8      | Noticed Grum
  6380 | D:8      | HP: 2/63 [Grum/+1 spear (11)]
  6614 | D:8      | Killed Grum
  6649 | D:8      | Noticed Joseph
  6668 | D:8      | Killed Joseph
  6685 | D:8      | Noticed a two-headed ogre
  6719 | D:8      | Mangled by a two-headed ogre

Illustrated notes

Levels and vault maps discovered:
D:1:      nagdon_arrival_double_spiral, layout_loops_ring
D:2:      layout_rooms, serial_undead, serial_undead_a, serial_undead_c,
          serial_undead_e, serial_undead_f, serial_undead_b, serial_undead_c,
          serial_undead_b
D:3:      layout_rooms, mainiacjoe_overflow_brackets,
          grunt_temple_overflow_octagram, demons_altar, uniq_robin
D:4:      layout_basic
D:5:      layout_basic, uniq_eustachio, uniq_menkaure
D:6:      layout_layer_cave, nicolae_vehumet_radiance, minmay_quadrilaterals
D:7:      layout_loops_ring, minmay_temple_entry_mist, enter_ossuary_3,
          grunt_ministairs_5, minmay_misc_feat_enclosed, uniq_prince_ribbit1
D:8:      layout_layer_cave, uniq_grum, uniq_joseph, uniq_pikel
Temple:   nicolae_temple_bog_church

Skill      XL: |  1  2  3  4  5  6  7  8  9 10 |
---------------+-------------------------------+-----
Axes           | 2 3 4 5 |  5.7
Dodging        | 1 2 3 4 5 |  5.9
Fighting       | 4 5 6 7 |  7.5
Shields        | 4 5 6 7 |  7.5
Armour         | 4 5 6 7 |  7.4
Evocations     | 2 4 6 |  6.0

Action                     |  1- 3 |  4- 6 |  7- 9 | 10-12 || total
---------------------------+-------+-------+-------+-------++-------
  Melee: War axe           |   109 |   196 |   332 |   124 ||   761
  Throw: Boomerang         |       |       |     1 |    13 ||    14
  Evoke: Wand              |       |       |     4 |       ||     4
    Use: Scroll            |     1 |     5 |     9 |     5 ||    20
         Potion            |       |     1 |     4 |     7 ||    12
   Stab: Distracted        |       |       |       |     1 ||     1
 Armour: Scale mail        |    46 |       |       |       ||    46
         Chain mail        |    24 |   140 |   212 |    79 ||   455
         Skin              |       |       |     3 |       ||     3
  Dodge: Dodged            |    59 |    95 |   160 |    71 ||   385
  Block: Buckler           |    31 |    53 |    84 |    34 ||   202

Table legend: (Time is in decaauts)
 A = Elapsed time spent in this place.
 B = Non-inter-level travel time spent in this place.
 C = Inter-level travel time spent in this place.
 D = Time resting spent in this place.
 E = Time spent auto-exploring this place.
 F = Levels seen in this place.
 G = Mean time per level.
                   A        B        C        D        E       F      G
               +--------+--------+--------+--------+--------+-----+--------+
         Total |   7017 |   7017 |      0 |    306 |   3348 |  10 |  701.7 |
       Dungeon |   6510 |   6510 |      0 |    306 |   3261 |   8 |  813.8 |
        Temple |    154 |    154 |      0 |      0 |      7 |   1 |  154.0 |
       Ossuary |    352 |    352 |      0 |      0 |     79 |   1 |  352.0 |
               +--------+--------+--------+--------+--------+-----+--------+

Top non-repeatable levels by time:
     D:5: 1173 daAuts
     D:6: 1111 daAuts
     D:7: 1059 daAuts
     D:1: 859 daAuts
     D:3: 763 daAuts
     D:4: 666 daAuts
     D:2: 609 daAuts
 Ossuary: 352 daAuts
     D:8: 266 daAuts
  Temple: 154 daAuts
